Map: Ruby Rock LE

Players

GhostRobo - Winner!

  • Race: Terran Terran
  • Spawn Location: 11:00

GosNéo

  • Race: Terran Terran
  • League: Master
  • Spawn Location: 5:00

VOD

Have the link to the VOD?

Description

Time

  • Played on: Dec. 13, 2025, 7:15 a.m.
  • Length: 21:42
Show
View Real Time Build Order
Export as new Build Order

GhostRobo Terran - Winner!

Build Orders:  

Get SALT Encoding   

  12  0:01  SCV  
  13  0:13  SCV  
  14  0:17  Supply Depot  
  14  0:25  SCV  
  15  0:38  SCV  
  15  0:39  Barracks  
  16  0:50  SCV  
  17  1:01  Refinery  
  17  1:03  SCV  
  18  1:15  SCV  
  19  1:30  Orbital Command  
  19  1:48  Command Center  
  19  1:59  SCV  
  20  2:02  Barracks Reactor  
  19  2:11  SCV  
  20  2:23  SCV  
  20  2:24  Supply Depot  
  21  2:35  SCV  
  22  2:37  Barracks  
  22  2:39  Barracks  
  22  2:47  SCV  
  23  2:51  Marine x2  
  25  2:59  SCV  
  25  3:00  Refinery  
  25  3:01  Orbital Command  
  25  3:05  Bunker  
  26  3:09  Marine x2  
  26  3:11  SCV  
  29  3:23  SCV  
  29  3:24  Barracks Tech Lab  
  29  3:26  Barracks Tech Lab  
  29  3:27  Marine x2  
  30  3:33  SCV  
  33  3:35  SCV  
  34  3:44  Marine  
  34  3:45  Marine, SCV  
  37  3:50  Combat Shield  
  37  3:52  Stimpack  
  37  4:02  Marine x2, Supply Depot  
  37  4:03  Supply Depot  
  37  4:05  SCV  
  37  4:06  SCV  
  41  4:13  Factory  
  41  4:17  SCV  
  41  4:22  Marauder x2, Engineering Bay  
  41  4:23  Marine x2  
  48  4:41  Supply Depot, Marine x2  
  48  4:43  Supply Depot, Marauder, Marine, SCV x2  
  55  4:55  SCV x2  
  55  4:57  Factory Tech Lab  
  55  4:59  Marine x2  
  59  5:01  Marauder, Factory Reactor  
  59  5:04  Marauder  
  59  5:05  Starport  
  63  5:07  SCV  
  63  5:08  SCV  
  63  5:09  Supply Depot  
  63  5:11  Supply Depot  
  65  5:20  Refinery, SCV x2  
  67  5:23  Refinery  
  67  5:24  Marine x2  
  67  5:26  Marine  
  70  5:32  SCV x2  
  72  5:47  Marine  
  72  5:48  Marauder x2, Marine  
  78  5:52  Supply Depot, SCV x2  
  78  5:53  Supply Depot  
  80  6:04  SCV x2  
  80  6:06  Terran Infantry Weapons Level 1  
  80  6:08  Marine  
  80  6:09  Marine x3  
  80  6:10  Factory Tech Lab  
  86  6:19  Barracks  
  86  6:25  Barracks  
  86  6:26  Marine  
  86  6:27  Marauder x2, Marine  
  90  6:48  Marine x2  
  92  7:21  Marine  
  92  7:22  Marine x4  
  97  7:23  Marauder  
  97  7:25  Siege Tank, Medivac  
  97  7:26  Medivac  
  106  7:39  Marine  
  106  7:40  Marine  
  109  7:44  Barracks Tech Lab  
  109  7:49  Marauder, Barracks Reactor  
  110  8:02  Supply Depot  
  110  8:03  Supply Depot  
  110  8:23  Marine x4  
  110  8:24  Siege Tank  
  110  8:25  Marauder  
  113  8:41  Marine x4  
  113  8:47  Marauder  
  119  8:51  Marine x2  
  121  8:56  Siege Tank  
  121  9:00  Marauder  
  126  9:12  Supply Depot  
  126  9:14  Supply Depot  
  126  9:34  Siege Tank, Viking x2, Marine  
  126  9:35  Marauder, Marine x2  
  126  9:37  Supply Depot  
  138  10:04  Viking x2  
  138  10:06  Siege Tank  
  145  10:15  Marine x2  
  145  10:16  Marauder, Marine  
  145  10:20  Supply Depot  
  150  10:22  Supply Depot  
  150  10:41  Marine x3  
  150  10:42  Viking, Siege Tank  
  158  10:43  Medivac  
  158  10:44  Marauder  
  162  11:05  Command Center  
  162  11:09  Supply Depot  
  162  11:11  Terran Infantry Armor Level 1, Command Center  
  162  11:12  Medivac  
  162  11:13  Medivac  
  166  11:20  Armory  
  166  11:59  Supply Depot  
  142  12:17  Marine x4  
  142  12:18  Marauder x3  
  152  12:24  Terran Vehicle Weapons Level 1  
  152  12:35  Marine x4  
  152  12:36  Fusion Core  
  156  12:38  Starport  
  156  12:39  Marauder  
  156  12:40  Marauder x2  
  162  12:52  Marine  
  162  12:53  Marine x3  
  166  13:01  Marauder x3  
  166  13:05  Terran Infantry Weapons Level 2  
  172  13:19  Starport Tech Lab  
  172  13:22  Marauder  
  174  13:41  Orbital Command  
  174  13:44  Orbital Command  
  166  14:07  Marine x2  
  166  14:08  Marine x2  
  166  14:09  Marauder x2, Marine  
  159  14:25  Marine x2  
  159  14:26  Marine x3  
  159  14:30  Marine  
  152  15:15  Marine x3  
  152  15:16  Marauder x3, Marine  
  152  15:17  Siege Tank  
  165  15:22  Battlecruiser  
  165  15:25  Weapon Refit  
  171  15:37  Marauder  
  173  15:49  Siege Tank  
  167  16:21  Siege Tank  
  161  16:26  Battlecruiser  
  145  16:48  Marine x3  
  145  16:49  Marauder x2, Marine  
  145  16:50  Marauder  
  153  16:54  Viking x2  
  157  17:06  Marine x3  
  157  17:07  Marine  
  161  17:10  Marauder, Marine  
  161  17:11  Marauder  
  166  17:24  Viking x2, Marine x2  
  166  17:29  Marauder  
  174  17:31  Battlecruiser  
  174  17:32  Marauder, SCV x2  
  174  17:33  SCV x2  
  186  17:54  Medivac x2  
  190  18:04  Terran Vehicle And Ship Armor Level 1  
  190  18:07  Terran Infantry Weapons Level 3  
  174  18:33  Viking x2  
  178  18:35  Battlecruiser  
  170  19:03  Viking x2  
  155  19:33  Viking x2  
  158  19:39  Battlecruiser  
  150  20:03  Viking x2  
  106  20:26  Marine x3  
  106  20:27  Marine x3  
  106  20:28  Marauder  
  94  20:33  Viking x2  
  81  20:44  Marine  
  81  20:45  Refinery  
  81  20:49  Refinery  
  88  21:03  Viking  
  90  21:07  Marine x4  
  90  21:08  Marine x3  
Show
View Real Time Build Order
Export as new Build Order

GosNéo Terran 

Build Orders:  

Get SALT Encoding   

  12  0:03  SCV  
  13  0:15  SCV  
  13  0:20  Refinery  
  14  0:27  SCV  
  15  0:34  Supply Depot  
  15  0:56  SCV  
  16  0:58  Barracks  
  16  1:08  SCV  
  17  1:24  SCV  
  18  1:36  SCV  
  19  1:41  Engineering Bay  
  19  1:48  Barracks Tech Lab, SCV  
  20  1:55  Bunker  
  20  2:09  Refinery  
  20  2:11  SCV  
  21  2:23  SCV  
  21  2:26  Command Center  
  22  2:33  Factory  
  22  2:35  SCV  
  23  2:49  Supply Depot  
  23  3:02  Supply Depot  
  23  3:11  Marauder  
  25  3:21  Missile Turret  
  25  3:26  Missile Turret  
  25  3:29  Factory Tech Lab  
  25  3:32  Marine  
  26  3:37  Missile Turret  
  26  3:47  Supply Depot  
  26  3:49  SCV  
  26  3:50  Marine  
  28  4:00  Refinery  
  28  4:01  SCV  
  29  4:08  Missile Turret  
  29  4:13  SCV  
  29  4:14  Hi-Sec Auto Tracking  
  30  4:30  Missile Turret  
  30  4:31  SCV  
  31  4:43  SCV  
  32  4:51  Starport  
  32  4:55  SCV  
  33  5:00  Stimpack, Missile Turret  
  33  5:08  SCV  
  34  5:19  Siege Tank  
  34  5:20  SCV  
  38  5:22  Missile Turret  
  38  5:24  SCV  
  39  5:32  Starport Tech Lab, SCV  
  40  5:36  SCV  
  41  5:46  Missile Turret  
  41  5:54  Marine  
  42  6:08  Siege Tank  
  42  6:10  Missile Turret  
  45  6:12  Marine, Terran Infantry Weapons Level 1  
  46  6:26  Command Center  
  46  6:31  Orbital Command  
  42  6:40  Siege Tank  
  39  7:02  Missile Turret  
  33  7:25  Missile Turret  
  33  7:36  Supply Depot  
  33  7:50  Missile Turret  
  33  7:51  Viking  
  33  7:58  Missile Turret, SCV  
  36  7:59  Supply Depot  
  36  8:10  SCV  
  37  8:13  Siege Tank  
  37  8:18  Missile Turret  
  40  8:21  Viking, Supply Depot  
  40  8:22  SCV  
  43  8:34  SCV  
  43  8:40  Missile Turret x2  
  44  8:46  SCV  
  44  8:47  Refinery  
  45  8:54  Refinery  
  45  8:58  SCV  
  45  9:00  Siege Tank  
  45  9:02  Missile Turret  
  49  9:11  SCV  
  49  9:13  Fusion Core  
  50  9:23  SCV  
  51  9:28  Neosteel Armor  
  51  10:01  Viking  
  51  10:02  Armory  
  51  10:04  Weapon Refit  
  53  10:09  SCV  
  54  10:22  SCV  
  55  10:31  Viking  
  55  10:34  SCV  
  58  10:46  SCV  
  59  10:58  SCV  
  59  11:01  Viking  
  62  11:05  Sensor Tower  
  62  11:10  SCV  
  63  11:17  Armory  
  63  11:18  Terran Ship Weapons Level 1  
  63  11:22  SCV  
  64  11:31  Viking  
  66  11:34  SCV  
  67  11:46  SCV  
  67  11:58  SCV  
  68  12:01  Viking  
  68  12:06  Terran Vehicle And Ship Armor Level 1  
  70  12:10  SCV  
  61  12:31  Viking  
  61  12:33  Starport  
  63  12:38  Planetary Fortress  
  63  12:39  Barracks  
  63  12:59  Command Center  
  63  13:01  Viking  
  65  13:10  Starport Tech Lab  
  65  13:17  Starport  
  65  13:18  Terran Ship Weapons Level 2  
  65  13:23  Cloaking Field  
  65  13:31  Viking  
  67  13:36  Supply Depot  
  67  13:42  Barracks Reactor  
  67  13:46  Bunker  
  67  13:57  Thor  
  67  13:59  Supply Depot  
  67  14:01  Terran Vehicle Weapons Level 1  
  71  14:12  Missile Turret  
  67  14:41  Bunker, Starport Tech Lab  
  67  14:44  Battlecruiser x2  
  78  15:11  SCV  
  79  15:15  Marine x2  
  81  15:23  SCV  
  81  15:36  SCV  
  82  15:48  SCV  
  81  16:00  SCV  
  81  16:04  Battlecruiser  
  54  16:55  Medivac  
  56  17:17  Battlecruiser  
  58  17:45  Orbital Command  
Tags
 
League
Master
Matchup
TvT
Race
Terran
Spawn Locations
Cross Positions
Add a new tag
Caveats
  • Supply blocks, unpowered buildings, or Contaminate may cause inaccurate times.
  • Supply counts are checked every 10 seconds.